 Dungeon Crawl Stone Soup version 0.23.2 (webtiles) character file.

Game seed: 8319850339855728600

1505 sagitran the Slasher (level 8, -8/56 HPs)
             Began as a Demonspawn Chaos Knight on Apr 8, 2019.
             Was a Plaything of Xom.
             Mangled by an orc warrior
             ... wielding a +1 mace of protection
              (25 damage)
             ... on level 6 of the Dungeon on Apr 9, 2019.
             The game lasted 00:22:59 (4103 turns).

sagitran the Slasher (Demonspawn Chaos Knight)      Turns: 4103, Time: 00:23:00

Health: -8/56      AC:  8    Str: 15    XL:     8   Next: 52%
Magic:  8/8        EV: 13    Int: 11    God:    Xom [.*....]
Gold:   233        SH:  0    Dex: 13    Spells: 7/7 levels left

rFire    x . .     SeeInvis .   a - +2 falchion (chaos)
rCold    + + .     Gourm    .   (no shield)
rNeg     . . .     Faith    .   b - +2 leather armour
rPois    .         Spirit   .   (no helmet)
rElec    .         Reflect  .   l - +0 cloak
rCorr    .         Harm     .   (no gloves)
MR       .....                  (no boots)
Stlth    ++........             (no amulet)
HPRegen  0.18/turn              q - ring of ice
MPRegen  0.11/turn              (no ring)

@: lightly drained
A: hooves 2, thin metallic scales 1, cold resistance 1, dopey 1, frail 1,
powered by death 2
a: Renounce Religion


You were on level 6 of the Dungeon.
You worshipped Xom.
You were a plaything of Xom.
You were not hungry.

You visited 1 branch of the dungeon, and saw 6 of its levels.

You collected 233 gold pieces.

Inventory:

Hand Weapons
 a - a +2 falchion of chaos (weapon)
Armour
 b - a +2 leather armour (worn)
 l - a +0 cloak (worn)
Jewellery
 e - an uncursed ring of magical power {unknown}
 q - a ring of ice (left hand)
Wands
 s - a wand of polymorph (5)
 x - a wand of scattershot (6)
Scrolls
 d - 3 scrolls of enchant armour
 h - 4 scrolls of remove curse
 j - a scroll of fear
 r - a scroll of fog {unknown}
 u - 2 scrolls of blinking {unknown}
 y - 2 scrolls of magic mapping {unknown}
 z - a scroll of identify
 A - a scroll of noise {unknown}
Potions
 g - a potion of ambrosia
 i - a potion of flight {unknown}
 k - a potion of might
 m - a potion of berserk rage
 t - a potion of magic
 v - a potion of curing {unknown}
 w - 2 potions of haste {unknown}
Comestibles
 c - 9 rations


   Skills:
 + Level 5.4(5.1) Fighting
 + Level 7.0(6.7) Long Blades
 + Level 3.8(3.5) Armour
 + Level 4.0(3.7) Dodging
 + Level 2.7(2.4) Stealth
 + Level 0.1(0.0) Evocations


You had 7 spell levels left.
You didn't know any spells.
Your spell library was empty.

Dungeon Overview and Level Annotations

Branches:
Dungeon (6/15)             Temple (0/1) D:6

Altars:
Fedhas

Shops:
D:6 [

Annotations:
D:2 Natasha
D:5 2 runed translucent doors, grocchini's ghost, novice CeTm


Innate Abilities, Weirdness & Mutations

You have hoof-like feet.
You are partially covered in thin metallic scales. (AC +2)
You regenerate health from kills.
Your flesh is cold resistant. (rC+)
You are dopey. (Int -2)
You are frail. (-10% HP)


Message History

Your base Dodging skill increases to level 4!
The orc warrior hits you but does no damage.
Things that are here:
a +0 short sword; a +0 ring mail; an orc corpse You hit the orc warrior but do no damage.
The orc warrior goes berserk!
The orc warrior misses you.
You hit the orc warrior.
The orc warrior is lightly wounded.
The orc warrior closely misses you.
You closely miss the orc warrior.
You kick the orc warrior, but do no damage.
The orc warrior is lightly wounded.
The orc warrior hits you with a +1 mace of protection.
The orc warrior hits you with a +1 mace of protection!!
You hit the orc warrior. You burn the orc warrior.
Your kick misses the orc warrior.
The orc warrior is lightly wounded.
The orc warrior hits you with a +1 mace of protection!!
You die...
Xom chortles!

##########
#########........#
..........######.#
###########
###.#######
#.)@.......
#....#o####### ##
#.####.# .# #.#
#.. .# #.# ### .#
#.# .### #.# ...#
#.# ...########.#


You could see an orc warrior (berserk).

Vanquished Creatures
  3 yaks (D:5)
  3 ogres
  2 crimson imps
  A hound (D:6)
  An orc priest (D:6)
  2 orc wizards (D:6)
  A centaur skeleton (D:3)
  2 iguanas
  7 worker ants
  4 adders
  2 shadow imps (D:6)
  2 oozes (D:1)
  An adder skeleton (D:5)
  A worm (D:2)
  3 dart slugs
  2 leopard geckos
  7 orcs
  7 bats
  5 giant cockroaches
  6 goblins
  5 hobgoblins
  7 jackals
  5 kobolds
  2 ball pythons
  6 frilled lizards
  A jackal skeleton (D:5)
  9 rats
97 creatures vanquished.

Vanquished Creatures (collateral kills)
  2 yaks (D:5)
  A hound (D:4)
  2 worker ants (D:4)
  An adder (D:2)
6 creatures vanquished.

Vanquished Creatures (others)
  A worm (D:2)
1 creature vanquished.

Grand Total: 104 creatures vanquished

Notes
Turn   | Place    | Note
-------+----------+-------------------------------------------
     0 | D:1      | sagitran the Demonspawn Chaos Knight began the quest for
                  | the Orb.
     0 | D:1      | Reached XP level 1. HP: 18/18 MP: 1/1
    94 | D:1      | Gained mutation: You are partially covered in thin metallic
                  | scales. (AC +2) [demonic ancestry]
    94 | D:1      | Reached XP level 2. HP: 23/24 MP: 2/2
   261 | D:1      | XOM: harmless Tloc miscast
   287 | D:1      | XOM: smoke on damage
   292 | D:1      | Reached skill level 3 in Long Blades
   425 | D:1      | Gained mutation: You have large cloven feet. [demonic
                  | ancestry]
   425 | D:1      | Reached XP level 3. HP: 20/29 MP: 3/3
   509 | D:2      | Reached skill level 1 in Dodging
   643 | D:2      | XOM: harmless Fire miscast
   648 | D:2      | Reached XP level 4. HP: 31/36 MP: 4/4
   818 | D:2      | Noticed Natasha
   821 | D:2      | XOM: butterfly on damage
   826 | D:2      | XOM: enchant monster (good)
   854 | D:2      | XOM: 5-stop teleportation journey
  1116 | D:2      | XOM: harmless Tloc miscast
  1342 | D:3      | Noticed Sigmund
  1350 | D:3      | Noticed Sigmund
  1350 | D:3      | XOM: summons 4 friendly demons
  1352 | D:3      | Killed Sigmund the worker ant
  1352 | D:3      | Reached skill level 4 in Long Blades
  1352 | D:3      | Gained mutation: You regenerate a little health from kills.
                  | [demonic ancestry]
  1352 | D:3      | Reached XP level 5. HP: 30/42 MP: 5/5
  1537 | D:3      | XOM: harmless Summ miscast
  2197 | D:4      | Gained mutation: You have hoof-like feet. [demonic
                  | ancestry]
  2197 | D:4      | Reached XP level 6. HP: 38/48 MP: 6/6
  2219 | D:4      | XOM: silly message
  2483 | D:4      | XOM: give mutations
  2483 | D:4      | Gained mutation: Your flesh is cold resistant. (rC+) [Xom's
                  | mischief]
  2483 | D:4      | Gained mutation: You are frail. (-10% HP) [Xom's mischief]
  2483 | D:4      | Gained mutation: You are dopey. (Int -2) [Xom's mischief]
  2509 | D:4      | Reached skill level 5 in Long Blades
  2509 | D:4      | Reached skill level 1 in Stealth
  2537 | D:4      | XOM: god gift: 45 gold pieces
  2807 | D:5      | Entered Level 5 of the Dungeon
  2972 | D:5      | Found a runed translucent door.
  2976 | D:5      | Noticed grocchini's ghost (novice CeTm)
  2976 | D:5      | XOM: 1-stop teleportation journey
  3006 | D:5      | Gained mutation: You regenerate health from kills. [demonic
                  | ancestry]
  3006 | D:5      | Reached XP level 7. HP: 49/49 MP: 7/7
  3224 | D:6      | Found Ryrougoi's Armour Emporium.
  3338 | D:5      | Found a runed translucent door.
  3348 | D:5      | XOM: fog
  3440 | D:5      | XOM: harmless Fire miscast
  3620 | D:6      | Noticed a yak
  3620 | D:6      | Noticed a yak
  3620 | D:6      | XOM: fog
  3621 | D:6      | Noticed a yak
  3621 | D:6      | Noticed a yak
  3622 | D:6      | Noticed a yak
  3630 | D:6      | XOM: summons friendly iron imp
  3637 | D:5      | XOM: enchant monster (good)
  3638 | D:5      | Killed a yak
  3645 | D:5      | Killed a yak
  3645 | D:5      | Reached skill level 6 in Long Blades
  3763 | D:5      | Killed a yak
  3763 | D:5      | Reached skill level 5 in Fighting
  3763 | D:5      | Reached XP level 8. HP: 20/55 MP: 8/8
  3765 | D:5      | XOM: cast spell 'Summon Dragon'
  3803 | D:6      | Found a staircase to the Ecumenical Temple.
  3898 | D:6      | Found a blossoming altar of Fedhas.
  4076 | D:6      | XOM: harmless Summ miscast
  4098 | D:6      | Reached skill level 7 in Long Blades
  4103 | D:6      | Mangled by an orc warrior

Skill      XL: |  1  2  3  4  5  6  7  8 |
---------------+-------------------------+-----
Armour         | 2 3 |  3.8
Long Blades    | 3 4 5 6 7 |  7.0
Dodging        | 1 2 3 4 |  4.0
Fighting       | 4 5 |  5.4
Stealth        | 1 2 |  2.7
Evocations     | |  0.1

Action                   |  1- 3 |  4- 6 |  7- 9 || total
-------------------------+-------+-------+-------++-------
Melee: Falchion          |    98 |   153 |    80 ||   331
       Kick              |     9 |    43 |    23 ||    75
Evoke: Wand              |       |     2 |       ||     2
  Use: Scroll            |       |     9 |     6 ||    15
       Potion            |       |     1 |     1 ||     2
 Stab: Paralysed         |     3 |       |       ||     3
       Sleeping          |     1 |       |       ||     1
       Confused          |       |     1 |       ||     1
       Petrified         |       |       |     4 ||     4
       Petrifying        |       |       |     1 ||     1
  Eat: Ration            |       |     1 |     1 ||     2
       Chunk             |       |     3 |     2 ||     5
Armor: Leather armour    |    47 |    58 |    18 ||   123
       Skin              |       |       |    17 ||    17
Dodge: Dodged            |    65 |   104 |    37 ||   206
       Rpst.: Falchion   |    20 |    33 |    13 ||    66
